Unix NetHack Version 3.7.0-101 Work-in-progress - last build Mar 4 2024 02:26:32 (3c4ac04b664b9ee0831c739617f054b5b60dbfd1,branch:master). Game began 2024-03-07 12:51:04, ended 2024-03-07 14:04:43. MalkMcJorma, chaotic male elven Ranger ----- #-------------------------------- |...| #|..............................| |...| #|.-- -----..{.---------..-----.| ....| #|.| |(((|.---|%?|....|..|...-.| #|...| #|.| |(((|.| |?=| ...|..|...|.| [...| #|.| ..|.+ |.+|---|-.-----|.| --.-- #|.|-----|-.----|--.@@...|....|.| ##### #|.|..-..)......(@@.--|-.|....|.| ## # ##-.| |.......{.....|.@|.|.._.|.| ## # ##|.----....--|--....|%)|.-....|.| # # ##|.........|...|....|.)|.-----|.| ## # ##|......---|...||------|..-...|.| ## # #|......|..|...|....| |..|...|.| --.-------.- # #|......|..|...|....| +..|...|.| |.........[| # #|......-|--------------..-----.. |......<....##########|..............................| |..........|# -------------------------------- |........... ------------ MalkMcJorma the Trailblazer St:14 Dx:13 Co:15 In:13 Wi:13 Ch:9 Chaotic Dlvl:6 $:194 HP:0(48) Pw:37(37) AC:-4 Xp:7/881 T:3212 Latest messages: You shoot 3 elven arrows. The 1st elven arrow hits the leprechaun! The 2nd elven arrow hits the leprechaun! The 3rd elven arrow hits the leprechaun! In what direction? You shoot 2 elven arrows. The 1st elven arrow hits the leprechaun! You kill the leprechaun! The 2nd elven arrow hits the watchman! The watchman gets angry! "Halt! You're under arrest!" An angry guard is approaching! The watchman throws a knife! You are almost hit by a knife. The watch captain wields a long sword! The watch captain swings his long sword. The watch captain hits! The watch captain swings his long sword. The watch captain misses! The watchman wields a long poleaxe! The long poleaxe welds itself to the watchman's hands! The watchman wields a knife! The knife welds itself to the watchman's hand! $ - 65 gold pieces (194 in total). c - a blessed +2 elven arrow (in quiver) (18 in total). The watch captain swings his long sword. The watch captain just misses! The watch captain swings his long sword. The watch captain hits! The watchman swings a long poleaxe. A long poleaxe misses you. The watch captain swings his long sword. The watch captain hits! The watch captain swings his long sword. The watch captain misses! Are you waiting to get hit? Use 'm' prefix to force a no-op (to rest). Are you waiting to get hit? Are you waiting to get hit? The watch captain swings his long sword. The watch captain misses! The watch captain swings his long sword. The watch captain hits! The watchman picks up 3 blessed +2 elven arrows. The watch captain picks up a knife. The watch captain swings his long sword. The watch captain hits! The watch captain swings his long sword. The watch captain hits again! You die... Papar looks at your corpse and sighs. Inventory: Coins ('$') $ - 194 gold pieces Weapons (')') c - 18 blessed +2 elven arrows (in quiver) d - 31 blessed +0 elven arrows M - 4 uncursed +0 ya X - an uncursed +0 crossbow b - an uncursed +1 elven bow (weapon in right hand) U - 24 uncursed +0 darts r - 12 uncursed +0 daggers a - the uncursed +1 Sting Armor ('[') k - an uncursed +0 orcish helm (being worn) t - a blessed +2 pair of gauntlets of dexterity (being worn) u - an uncursed +0 pair of elven boots (being worn) e - an uncursed +2 elven cloak (being worn) S - an uncursed +0 dwarvish mithril-coat (being worn) Comestibles ('%') i - 2 uncursed cram rations E - 3 uncursed food rations f - 4 uncursed lembas wafers K - an uncursed lichen corpse Wands ('/') V - an uncursed wand of striking (0:3) Tools ('(') T - a blessed magic lamp Z - an uncursed mirror N - 2 uncursed tallow candles O - an uncursed tin whistle MalkMcJorma the Ranger's attributes: Background: You were a Trailblazer, a level 7 male elven Ranger. You were chaotic, on a mission for Mars who was opposed by Mercury (lawful) and Venus (neutral). You were right-handed. You were in the Gnomish Mines, on level 6. You entered the dungeon 3212 turns ago. You had 881 experience points, 399 more were needed to attain level 8. Basics: You had 0 out of 48 hit points. You had all 37 energy points (spell power). Your armor class was -4. Your wallet contained 194 zorkmids. Autopickup was off. Final Characteristics: Your strength was 14 (limit:18). Your dexterity was 13 (base:11, limit:18). Your constitution was 15 (limit:16). Your intelligence was 13 (limit:20). Your wisdom was 13 (limit:20). Your charisma was 9 (limit:18). Final Status: You weren't hungry. You were unencumbered. You were wielding a bow. You were skilled in bow. Final Attributes: You were piously aligned. You were sleep resistant. You were telepathic. You had automatic searching. You had infravision. You were stealthy. You were guarded. You are dead. Miscellaneous: You disabled loading of bones levels. Total elapsed playing time was 1 hour, 13 minutes and 38 seconds. Major events: Turn 1: MalkMcJorma the chaotic male elven Ranger entered the dungeon 1: became literate by naming Sting 419: entered the Gnomish Mines 791: attained the rank of Lookout (level 3) 1740: attained the rank of Trailblazer (level 6) 2719: reached Mine Town 3212: killed by a watch captain Vanquished creatures: a leprechaun 2 ravens a snake a water nymph a rock piercer 8 gnome leaders 2 gnomish wizards a little dog 3 floating eyes 9 dwarves 2 kobold leaders 8 rothes a giant bat 5 monkeys a dwarf zombie a werejackal a hobbit 2 giant rats a brown mold 29 gnomes a gecko 4 jackals a kobold 3 goblins 5 sewer rats 2 lichens 9 newts 105 creatures vanquished. No species were genocided or became extinct. Voluntary challenges: You read items or engraved 3 times. You engraved Elbereth 1 time. You never genocided any monsters. You never polymorphed an object. You never changed form. You used no wishes. Achievements: You entered the Gnomish Mines. You attained the rank of Lookout. You attained the rank of Trailblazer. You entered Minetown. You entered a temple. You entered a shop. The Dungeons of Doom: levels 1 to 3 Level 1: An altar. Level 2: "Vault" A sink. Stairs down to The Gnomish Mines. Level 3: The Gnomish Mines: levels 3 to 6 Level 3: Level 4: Level 5: Level 6: <- You were here. A temple and an altar, some fountains. Final resting place for you, killed by a watch captain. Game over: ---------- / \ / REST \ / IN \ / PEACE \ / \ | MalkMcJorma | | 194 Au | | killed by a | | watch captain | | | | | | 2024 | *| * * * | * _________)/\\_//(\/(/\)/\//\/|_)_______ Goodbye MalkMcJorma the Ranger... You died in The Gnomish Mines on dungeon level 6 with 3949 points, and 194 pieces of gold, after 3212 moves. You were level 7 with a maximum of 48 hit points when you died.